 Dungeon Crawl Stone Soup version 0.28-a0-1567-g1695149f81 (webtiles) character file.

Game seed: 16655153632042942222

27 grumblor the Skirmisher (level 3, 0/19 HPs)
             Began as a Vine Stalker Fighter on Jan 20, 2022.
             Succumbed to an adder's poison
             ... on level 2 of the Dungeon.
             The game lasted 00:02:11 (1353 turns).

grumblor the Skirmisher (Vine Stalker Fighter)      Turns: 1353, Time: 00:02:11

Health: 0/19       AC:  6    Str: 20    XL:     3   Next: 10%
Magic:  3/5        EV:  9    Int:  8    God:
Gold:   45         SH:  4    Dex: 13    Spells: 3/3 levels left

rFire   . . .      SeeInvis .   a - +0 war axe
rCold   . . .      Faith    .   c - +0 buckler
rNeg    . . .      Spirit   +   b - +0 scale mail
rPois   .          Reflect  .   (no helmet)
rElec   .          Harm     .   (no cloak)
rCorr   .          Rampage  .   (no gloves)
Will    .....                   (no boots)
Stlth   ..........              (no amulet)
HPRegen 0.06/turn               (no ring)
MPRegen 0.09/turn               (no ring)

@: lethally poisoned (0 -> -2)
A: fangs 2, magic shield, antimagic bite, no potion heal 2
a: no special abilities


You were on level 2 of the Dungeon.
You visited 1 branch of the dungeon, and saw 2 of its levels.

You collected 45 gold pieces.

Inventory:

Hand Weapons
 a - a +0 war axe (weapon)
Missiles
 e - 6 poisoned darts
 f - 4 boomerangs (quivered)
Armour
 b - a +0 scale mail (worn)
 c - a +0 buckler (worn)
Potions
 d - a potion of might
 g - a potion of curing
 h - a potion of heal wounds {unknown}


   Skills:
 + Level 2.9 Fighting
 + Level 1.9 Axes
 * Level 0.6 Throwing
 + Level 2.6 Armour
 * Level 0.6 Dodging
 + Level 2.7 Shields
 * Level 0.8 Spellcasting


You had 3 spell levels left.
You didn't know any spells.
Your spell library contained the following spells:

 Spells                   Type           Power      Damage    Failure   Level
 Magic Dart               Conj           0%         1d3       83%         1
 Call Imp                 Summ           0%         N/A       93%         2
 Mephitic Cloud           Conj/Pois/Air  0%         N/A       99%         3


Dungeon Overview and Level Annotations

Branches:
Dungeon (2/15)

Altars:


Innate Abilities, Weirdness & Mutations

You have extremely sharp teeth.
When hurt, damage is shared between your health and your magic reserves.
Your bite disrupts and absorbs the magic of your enemies.
Potions cannot restore your health.


Message History

There is an open door here.
You see here 20 stones.
Found an escape hatch in the ceiling.
Found a stone staircase leading up.
An adder comes into view.
The adder hisses angrily.
A kobold comes into view. It is wielding a +0 dagger.
The kobold shouts!
You closely miss the adder. The adder barely misses you. The adder bites you.
You closely miss the adder. The adder bites you.
You are poisoned.
The adder poisons you! The adder bites you but does no damage.
You barely miss the adder.
You feel sick. The adder closely misses you.
You closely miss the adder. Your bite misses the adder.
You feel sick. The adder closely misses you. The adder bites you.
You barely miss the adder. You slash the kobold!
You kill the kobold!
You feel sick. The adder barely misses you.
The adder bites you but does no damage.
You are too injured to fight recklessly!
You hit the adder but do no damage.
You feel sick.
You are no longer poisoned.
The adder completely misses you. The adder bites you.
You hit the adder but do no damage. Your bite misses the adder.
The adder bites you.
* * * LOW HITPOINT WARNING * * *
You are lethally poisoned!
The adder poisons you! The adder barely misses you.
You slash the adder!
The adder is severely wounded.
* * * LOW HITPOINT WARNING * * *
You feel sick.
The adder bites you but does no damage. x2
You barely miss the adder. Your bite misses the adder.
The adder is severely wounded.
* * * LOW HITPOINT WARNING * * *
You feel sick. The adder barely misses you.
The adder bites you but does no damage.
You closely miss the adder. Your bite misses the adder.
The adder is severely wounded.
You die...

####### ##.......
#<.......
#........
#)S......
#@################
#............<..>.
#..##############.
#..######.......#.
#.............#.#.
##.######.###.#.#.
#.#....#.# #.#.#.
#.#.##.#.# #.#.#.
#.#....#.# #.#.#.


You could see an adder.

Vanquished Creatures
  3 bats (D:1)
  4 endoplasms (D:1)
  2 giant cockroaches (D:1)
  4 goblins (D:1)
  2 hobgoblins (D:1)
  2 quokkas
  A ball python (D:1)
  2 frilled lizards (D:1)
  3 kobolds
  A rat (D:2)
24 creatures vanquished.

Vanquished Creatures (others)
  A fungus (D:1)
  2 plants (D:1)
3 creatures vanquished.

Grand Total: 27 creatures vanquished

Notes
Turn   | Place    | Note
-------+----------+-------------------------------------------
     0 | D:1      | grumblor the Vine Stalker Fighter began the quest for the
                  | Orb.
     0 | D:1      | Reached XP level 1. HP: 11/11 MP: 2/2
   273 | D:1      | Reached XP level 2. HP: 6/16 MP: 1/3
  1074 | D:1      | Found a faded altar of an unknown god.
  1083 | D:1      | Reached XP level 3. HP: 19/19 MP: 3/5
  1353 | D:2      | Succumbed to an adder's poison

Illustrated notes

Levels and vault maps discovered:
D:1:      dpeg_arrival_castle, layout_loops_ring,
          dreamdust_ecumenical_altar_hidden_monk_grotto
D:2:      layout_basic, hex_large

Action                   || total
-------------------------++-------
Melee: War axe           ||    73
       Bite              ||    17
  Use: Scroll            ||     3
Armor: Scale mail        ||    46
Dodge: Dodged            ||    29
Block: Buckler           ||    11

Table legend: (Time is in decaauts)
 A = Elapsed time spent in this place.
 B = Non-inter-level travel time spent in this place.
 C = Inter-level travel time spent in this place.
 D = Time resting spent in this place.
 E = Time spent auto-exploring this place.
 F = Levels seen in this place.
 G = Mean time per level.
                   A        B        C        D        E       F      G
               +--------+--------+--------+--------+--------+-----+--------+
         Total |   1390 |   1387 |      3 |     97 |   1037 |   2 |  695.0 |
       Dungeon |   1390 |   1387 |      3 |     97 |   1037 |   2 |  695.0 |
               +--------+--------+--------+--------+--------+-----+--------+

Top non-repeatable levels by time:
     D:1: 1216 daAuts
     D:2: 173 daAuts
